 Dungeon Crawl Stone Soup version 0.30-a0-782-ge64f9170bb (webtiles) character file.

Game seed: 8510394633265495333

1069 Goldberg the Covered (level 8, -1/91 HPs)
             Began as a Human Fighter on Feb 23, 2023.
             Was an Initiate of Qazlal.
             Slain by a hound (3 damage)
             ... on level 6 of the Dungeon.
             The game lasted 00:10:56 (4400 turns).

Goldberg the Covered (Human Fighter)                Turns: 4400, Time: 00:10:57

Health: -1/91      AC: 24    Str: 18    XL:     8   Next: 53%
Magic:  8/8        EV:  2    Int: 10    God:    Qazlal [......]
Gold:   241        SH:  5    Dex: 12    Spells: 7/7 levels left

rFire   . . .      SeeInvis +    n - +2 mace (heavy)
rCold   . . .      Faith    .    c - +0 buckler
rNeg    . . .      Spirit   .    (body armour currently unavailable)
rPois   +          Reflect  .    (helmet currently unavailable)
rElec   .          Harm     .    (cloak currently unavailable)
rCorr   .          Rampage  .    (gloves currently unavailable)
Will    .....      NoTele   +    (boots currently unavailable)
Stlth   +                        g - amulet of the acrobat
HPRegen 0.35/turn                (no ring)
MPRegen 0.11/turn                (no ring)

@: tree-form
A: stationary, stasis, torment immunity, boosted hp, see invisible
a: Renounce Religion


You were on level 6 of the Dungeon.
You worshipped Qazlal.
Qazlal was noncommittal.
You were a tree.
You visited 1 branch of the dungeon, and saw 6 of its levels.

You collected 241 gold pieces.

Inventory:

Hand Weapons
 a - a +0 flail
 l - a +2 flail of pain
 n - a +2 heavy mace (weapon)
Missiles
 r - 2 throwing nets (quivered)
Armour
 b - a +0 scale mail (melded)
 c - a +0 buckler (worn)
 k - a +0 pair of boots (melded)
Jewellery
 g - an amulet of the acrobat (around neck)
Scrolls
 e - a scroll of fear {unknown}
 h - 2 scrolls of magic mapping
 j - a scroll of amnesia {unknown}
 m - 3 scrolls of blinking
 q - 4 scrolls of teleportation
 s - 2 scrolls of vulnerability {unknown}
 u - a scroll of identify
Potions
 d - a potion of might
 i - a potion of lignification
 o - 2 potions of flight
 p - 2 potions of attraction
 t - a potion of magic {unknown}
 v - a potion of brilliance {unknown}


   Skills:
 + Level 4.5 Fighting
 + Level 5.3 Maces & Flails
 + Level 6.1 Armour
 + Level 3.4 Dodging
 + Level 0.2 Stealth
 + Level 4.1 Shields


You had 7 spell levels left.
You didn't know any spells.
Your spell library contained the following spells:

 Spells                   Type           Power      Damage    Failure   Level
 Apportation              Tloc           0%         N/A       43%         1
 Shock                    Conj/Air       0%         1d3       43%         1
 Slow                     Hex            0%         N/A       43%         1
 Confusing Touch          Hex            0%         N/A       82%         3
 Swiftness                Air            0%         N/A       82%         3
 Vampiric Draining        Necr           0%         2d6       82%         3
 Airstrike                Air            0%         2d(0-16)  99%         4
 Alistair's Intoxication  Tmut/Pois      0%         N/A       100%        5


Dungeon Overview and Level Annotations

Branches:
Dungeon (6/15)
 Temple: D:4-7

Altars:
Qazlal

Shops:
D:1 (


Innate Abilities, Weirdness & Mutations

You are a tree.
Your roots penetrate the ground, keeping you stationary.
You cannot be teleported.
You are immune to unholy pain and torment.
Your maximum health is greatly increased.
Your equipment is partially melded.
You have supernaturally acute eyesight. (SInv)


Message History

You thump the scorpion!
The scorpion is almost dead.
You feel sick. The hound bites you but does no damage.
The scorpion stings you but does no damage.
The gnoll hits you but does no damage. The gnoll barely misses you.
The gnoll hits you from afar with a +0 spear of freezing.
* * * LOW HITPOINT WARNING * * *
The gnoll freezes you.
* * * LOW HITPOINT WARNING * * *
The hound bites you but does no damage.
The scorpion stings you but does no damage.
You sock the scorpion!
You kill the scorpion!
Qazlal accepts your kill.
You feel sick. You block the hound's attack.
The gnoll hits you but does no damage. x2
The gnoll hits you from afar with a +0 spear of freezing.
* * * LOW HITPOINT WARNING * * *
The gnoll freezes you.
* * * LOW HITPOINT WARNING * * *
The hound bites you but does no damage.
The gnoll hits you but does no damage. x2
You block the gnoll's attack. The hound bites you but does no damage.
Your Armour skill increases to level 6!
You thump the hound!
The hound is heavily wounded.
You feel sick.
You are no longer poisoned.
You block the hound's attack. You block the gnoll's attack.
The gnoll hits you but does no damage.
The gnoll hits you from afar with a +0 spear of freezing.
* * * LOW HITPOINT WARNING * * *
The gnoll freezes you.
* * * LOW HITPOINT WARNING * * *
The hound bites you but does no damage.
The gnoll hits you but does no damage. x2
You block the gnoll's attack.
You closely miss the hound.
The hound is heavily wounded.
The hound bites you but does no damage. x2
The gnoll hits you but does no damage. x3; The hound bites you.
You die...

###.....##.# ########.....###.##
####.#.....###########.....###.#.
.................................
######....##...#######.....###.#.
......)....###.### #.....# #.#.
#####.#....# #...# ####### #.#
....#......#####.# #+#
.................#
.....#....##....♣####
.....#....##...†h)g.#
#.#..#.#.........gg......
#....#........####.......
####.#........ .#....#
.....#........ ......#
######......# ...##.# ... .... .
.#.##


You could see a hound and 3 gnolls.

Vanquished Creatures
  A black bear (D:5)
  An ogre (D:4)
  A centaur (D:5)
  4 phantoms
  A necrophage (D:5)
  2 scorpions (D:6)
  3 hounds
  2 jellies
  Terence (D:2)
  An orc wizard (D:4)
  4 gnolls
  3 adders
  2 dart slugs
  9 orcs
  5 ball pythons
  5 endoplasms
  A giant cockroach (D:2)
  5 goblins
  5 hobgoblins
  2 jackals (D:4)
  6 kobolds
  2 quokkas
  7 bats
  5 frilled lizards
  3 rats
81 creatures vanquished.

Notes
Turn   | Place    | Note
-------+----------+-------------------------------------------
     0 | D:1      | Goldberg the Human Fighter began the quest for the Orb.
     0 | D:1      | Reached XP level 1. HP: 18/18 MP: 1/1
   262 | D:1      | Reached XP level 2. HP: 24/24 MP: 2/2
   328 | D:1      | Found Ipsu's Antique Weapon Shoppe.
   392 | D:1      | Gained mutation: You are covered in fur. (AC +1) [potion of
                  | mutation]
   788 | D:2      | Noticed Terence
   795 | D:2      | Killed Terence
   796 | D:2      | Reached XP level 3. HP: 5/29 MP: 3/3
   962 | D:2      | Reached XP level 4. HP: 32/35 MP: 4/4
  1039 | D:2      | Lost mutation: You are covered in fur. (AC +1) [potion of
                  | mutation]
  1039 | D:2      | Gained mutation: You have supernaturally acute eyesight.
                  | (SInv) [potion of mutation]
  1311 | D:2      | You fall into a shaft and drop 1 floor!
  1656 | D:3      | Reached XP level 5. HP: 30/41 MP: 5/5
  1677 | D:3      | Reached skill level 1 in Dodging
  2335 | D:4      | Noticed an ogre
  2342 | D:4      | Killed an ogre
  2343 | D:4      | Reached skill level 4 in Armour
  2343 | D:4      | Reached XP level 6. HP: 15/48 MP: 6/6
  2661 | D:4      | Found a stormy altar of Qazlal.
  2670 | D:4      | Became a worshipper of Qazlal Stormbringer
  3143 | D:5      | Entered Level 5 of the Dungeon
  3210 | D:5      | Reached XP level 7. HP: 54/54 MP: 7/7
  3550 | D:5      | Reached skill level 5 in Armour
  3655 | D:5      | Reached skill level 5 in Maces & Flails
  3655 | D:5      | Reached XP level 8. HP: 24/61 MP: 8/8
  4398 | D:6      | HP: 4/91 [gnoll/+0 spear of freezing (1)]
  4399 | D:6      | Reached skill level 6 in Armour
  4399 | D:6      | HP: 1/91 [gnoll/+0 spear of freezing (1)]
  4400 | D:6      | Slain by a hound

Illustrated notes

Levels and vault maps discovered:
D:1:      dpeg_arrival_concentric_ovals, layout_loops_ring, serial_shops,
          shop_statue
D:2:      layout_basic, serial_bayou_pond_b, minmay_misc_feat_square,
          uniq_terence
D:3:      layout_basic, serial_rivers, chequers_serial_rivers_micro_e,
          chequers_serial_rivers_marsh, chequers_serial_rivers_micro_c,
          chequers_serial_rivers_micro_c, chequers_serial_rivers_small_3,
          chequers_serial_rivers_micro_a
D:4:      layout_loops_cross, grunt_qazlal_sundering
D:5:      layout_rooms, tgw_sif, serial_co_window_serial, co_window_paths_a,
          co_window_corner_a, co_window_corner_a, co_window_paths_a,
          co_window_cross_1, co_window_paths_c, co_window_broadway_c,
          co_window_paths_c, co_window_unsneaky_path_b, co_window_paths_c,
          co_window_corner_cb, co_window_corner_b, glass_columns_c,
          kennysheep_generic_room_15
D:6:      layout_basic, gammafunk_ghost_cemetery

Skill      XL: |  1  2  3  4  5  6  7  8 |
---------------+-------------------------+-----
Maces & Flails | 3 4 5 |  5.3
Dodging        | 1 2 3 |  3.4
Armour         | 4 5 6 |  6.1
Fighting       | 4 |  4.5
Shields        | 4 |  4.1
Stealth        | |  0.2

Action                     |  1- 3 |  4- 6 |  7- 9 || total
---------------------------+-------+-------+-------++-------
  Melee: Flail             |    51 |       |       ||    51
         Mace              |    10 |   135 |    80 ||   225
    Use: Potion            |     2 |     4 |     2 ||     8
         Scroll            |       |     6 |       ||     6
 Armour: Scale mail        |    42 |    79 |    54 ||   175
         Skin              |       |    40 |    51 ||    91
  Dodge: Dodged            |    47 |   113 |    83 ||   243
  Block: Buckler           |    19 |    43 |    45 ||   107

Table legend: (Time is in decaauts)
 A = Elapsed time spent in this place.
 B = Non-inter-level travel time spent in this place.
 C = Inter-level travel time spent in this place.
 D = Time resting spent in this place.
 E = Time spent auto-exploring this place.
 F = Levels seen in this place.
 G = Mean time per level.
                   A        B        C        D        E       F      G
               +--------+--------+--------+--------+--------+-----+--------+
         Total |   4552 |   4455 |     97 |    359 |   3082 |   6 |  758.7 |
       Dungeon |   4552 |   4455 |     97 |    359 |   3082 |   6 |  758.7 |
               +--------+--------+--------+--------+--------+-----+--------+

Top non-repeatable levels by time:
     D:5: 1066 daAuts
     D:4: 930 daAuts
     D:3: 864 daAuts
     D:2: 766 daAuts
     D:1: 668 daAuts
     D:6: 256 daAuts
